 Dungeon Sprint DCSS version 0.17-a0-1184-gb75be8f (webtiles) character file.

53 Kidiri the Grave Robber (level 3, -2/19 HPs)
             Began as a Deep Elf Necromancer on June 1, 2015.
             Slain by a water elemental (9 damage)
             ... in the Dungeon (Sprint III: "The Ten Rune Challenge").
             The game lasted 00:03:14 (398 turns).

Kidiri the Grave Robber (Deep Elf Necromancer)       Turns: 398, Time: 00:03:14

Health: -2/19      AC:  6    Str:  7    XL:     3   Next: 64%
Magic:  11/12      EV: 14    Int: 22    God:
Gold:   15         SH:  0    Dex: 14    Spells: 4 memorised, 6 levels left

rFire  . . .     SeeInvis .     k - +4 dagger (speed)
rCold  . . .     Clarity  .     a - +0 robe
rNeg   . . .     SustAt   .     (no shield)
rPois  +         Gourm    .     (no helmet)
rElec  .         Spirit   .     (no cloak)
rCorr  .         Warding  .     (no gloves)
rMut   .         NoTele   +     (no boots)
MR     .....                    (no amulet)
Stlth  +++.......               (no ring)
                                (no ring)

@: exhausted, very slightly contaminated, hasted and slowed, not resistant to
hostile enchantments, fairly stealthy
A: rough black scales 1, clever 1, poison resistance, strong 1
a: no special abilities


You were in the Dungeon.
You were not hungry.

You visited 1 branch You collected 15 gold pieces.

Inventory:

Hand weapons
 k - a +4 dagger of speed (weapon)
Armour
 a - a +0 robe (worn)
Scrolls
 i - a scroll of blinking
 m - a scroll of torment {unknown}
 n - a scroll of identify {unknown}
 o - 2 scrolls of remove curse {unknown}
 s - a scroll of holy word {unknown}
 t - a scroll of amnesia {unknown}
Potions
 d - a potion of curing
 g - 2 potions of magic
 q - 2 potions of cure mutation
 r - a potion of cancellation {unknown}
 u - 3 potions of flight
Books
 b - a book of Necromancy

   Spells                             Type                      Level
   a - Pain                           Necromancy                   1
   b - Animate Skeleton               Necromancy                   1
   c - Vampiric Draining              Necromancy                   3
   d - Regeneration                   Charms/Necromancy            3
   e - Animate Dead                   Necromancy                   4
   f - Control Undead                 Necromancy                   4
Comestibles
 c - 2 bread rations
 j - a beef jerky
 p - 4 fruits


   Skills:
 + Level 4.1 Dodging
 + Level 4.4 Stealth
 * Level 6.3 Spellcasting
 + Level 0.0 Charms
 * Level 6.9 Necromancy


You had 6 spell levels left.
You knew the following spells:

 Your Spells              Type           Power        Failure   Level  Hunger
a - Pain                  Necr           ####         1%          1    None
b - Animate Skeleton      Necr           N/A          1%          1    None
c - Vampiric Draining     Necr           #####.....   1%          3    #......
d - Regeneration          Chrm/Necr      ###.......   8%          3    #......


Dungeon Overview and Level Annotations

Branches:
Dungeon (1/1)

Altars:


Innate Abilities, Weirdness & Mutations

You are partially covered in rough black scales (AC +4, Dex -1).
Your mind is acute. (Int +2)
Your system is resistant to poisons.
Your muscles are strong. (Str +2)


Message History

You feel much better.
The water elemental completely misses you.
Drink which item? (? for menu, Esc to quit)
You feel yourself speed up.
Your skin stops crawling.
The water elemental hits you.
The water elemental engulfs you in water!
The water elemental misses you.
You are very lightly contaminated with residual magic.
You closely miss the water elemental.
The water elemental is heavily damaged.
Your lungs strain for air!
You barely miss the water elemental.
The water elemental is heavily damaged.
Your lungs strain for air!
The water elemental hits you.
With effort, you pull free of the water engulfing you.
You gasp with relief as air once again reaches your lungs.
The water elemental hits you!
You die...

▓▓▓▓▓▓ ▓▓▓ .#...#### ##.#
.#......#####..#
##.......#..#..#
.##.##...#..#..###+#+###+#
.##.###..##'#..#..........
####.##..###...'@E........
##..##..####...#...######+
....##.[###....#.⌠.#
#..##...##.....#...#
..##....#......#+###
.###..##.#.....# .#
#..#####....# ▓▓ ▓▓▓▓
▓▓▓▓▓▓


You could see a water elemental.

Vanquished Creatures
  Jessica (D)
  A human (D)
  An ooze (D)
  A phantom (D)
  2 rats (D)
6 creatures vanquished.

Vanquished Creatures (others)
  A yaktaur (D)
1 creature vanquished.

Grand Total: 7 creatures vanquished

Notes
Turn   | Place    | Note
--------------------------------------------------------------
     0 | D        | Kidiri the Deep Elf Necromancer began the quest for the Orb.
     0 | D        | Reached XP level 1. HP: 10/10 MP: 6/6
     6 | D        | Learned a level 1 spell: Animate Skeleton
    10 | D        | Reached skill level 5 in Necromancy
   135 | D        | Noticed Jessica
   137 | D        | Killed Jessica
   137 | D        | Reached skill level 5 in Spellcasting
   137 | D        | Reached skill level 6 in Necromancy
   137 | D        | Reached XP level 2. HP: 12/15 MP: 5/10
   137 | D        | Reached XP level 3. HP: 15/19 MP: 6/12
   142 | D        | Learned a level 3 spell: Vampiric Draining
   146 | D        | Learned a level 3 spell: Regeneration
   149 | D        | Killed a yaktaur
   374 | D        | Gained mutation: Your system is resistant to poisons. [potion of mutation]
   374 | D        | Gained mutation: You are robust (+10% HP). [potion of mutation]
   374 | D        | Lost mutation: You are robust (+10% HP). [potion of mutation]
   375 | D        | Gained mutation: Your mind is acute. (Int +2) [potion of mutation]
   375 | D        | Gained mutation: Your muscles are strong. (Str +2) [potion of mutation]
   375 | D        | Gained mutation: You are partially covered in rough black scales (AC +4, Dex -1). [potion of mutation]
   382 | D        | Noticed a water elemental
   398 | D        | Slain by a water elemental

Vault maps used:
D:        dungeon_sprint_mu

Action                   || total
-------------------------++-------
Melee: Dagger            ||     8
 Cast: Pain              ||    11
       Vampiric Draining ||     2
       Regeneration      ||     1
  Use: Potion            ||     5
